 Dungeon Crawl Stone Soup version 0.23-a0-642-g3120c2f5a9 (webtiles) character file.

9 HereIgoKillingAgain the Insei (level 2, 21/21 HPs)
             Began as a Demonspawn Transmuter on Dec 31, 2018.
             Got out of the dungeon alive.
             The game lasted 00:01:06 (604 turns).

HereIgoKillingAgain the Insei (DsTm)                 Turns: 604, Time: 00:01:06

Health: 21/21      AC:  3    Str: 10    XL:     2   Next: 3%
Magic:  5/5        EV: 12    Int: 14    God:
Gold:   66         SH:  0    Dex: 13    Spells: 4/5 levels left

rFire    . . .     SeeInvis .     - Unarmed
rCold    . . .     Gourm    .   (no shield)
rNeg     . . .     Faith    .   b - +0 robe
rPois    .         Spirit   +   (no helmet)
rElec    .         Reflect  .   c - +0 cloak
rCorr    .         Harm     .   (no gloves)
MR       .....                  (no boots)
Stlth    +.........             (no amulet)
HPRegen  0.07/turn              (no ring)
MPRegen  0.09/turn              (no ring)

@: no status effects
A: magic shield
a: no special abilities


You escaped.
You were not hungry.

You visited 1 branch of the dungeon, and saw 1 of its levels.

You collected 66 gold pieces.

Inventory:

Missiles
 a - 12 arrows
Armour
 b - a +0 robe (worn)
 c - a +0 cloak (worn)
Jewellery
 f - an uncursed amulet of magic regeneration {unknown}
Scrolls
 e - 2 scrolls of remove curse {unknown}
Comestibles
 d - a ration


   Skills:
 - Level 1.0 Fighting
 - Level 1.7 Dodging
 + Level 2.8 Unarmed Combat
 - Level 2.0 Spellcasting
 * Level 2.3 Transmutations


You had 4 spell levels left.
You knew the following spells:

 Your Spells              Type           Power        Failure   Level  Hunger
a - Beastly Appendage     Tmut           #.....       10%         1    ##.....

Your spell library contained the following spells:

 Spells                   Type           Power        Failure   Level  Hunger
 Sticks to Snakes         Tmut           #.......     14%         2    ###....
 Spider Form              Tmut/Pois      #.........   41%         3    ####...
 Ice Form                 Ice/Tmut       #.......     83%         4    #####..
 Blade Hands              Tmut           #.........   95%         5    ######.


Dungeon Overview and Level Annotations

Branches:
Dungeon (1/15)

Altars:


Innate Abilities, Weirdness & Mutations

When hurt, damage is shared between your health and your magic reserves.


Message History

There are monsters nearby!
Found a scroll labeled INEKKABLIM.
The frilled lizard hisses angrily.
You hit the frilled lizard.
You kill the frilled lizard!
You have reached level 2!
Your demonic ancestry asserts itself...
You feel your magical essence form a protective shroud around your flesh.
A frilled lizard is nearby!
You hit the frilled lizard.
You kill the frilled lizard!
No target in view!
No target in view!
There is a fountain of clear blue water here.
There is an open door here.
Things that are here:
a +0 dagger; a +0 club
There is a staircase leading out of the dungeon, spattered with blood here.
Are you sure you want to leave the Dungeon?
This will make you lose the game!
You have escaped!

#..####.... #..# # #..#
##############..###
....#.......##....### ########.#
###.#.#####.........####........#
###.#.........⌠...⌠......########
#........#..#..###......##
#.#.#.##.#..#..#@)..###.##
..#.#.##.......###..##...#
....#.........⌠...⌠.##...#
#####.####.##.......##...# # #
#......##...######...# #
###########.......# #...########
.......# #.......# #.........##
.......####.......####....####.##
...........................>....#


There were no monsters in sight!

Vanquished Creatures
  2 bats (D:1)
  2 goblins (D:1)
  4 frilled lizards (D:1)
  2 rats (D:1)
10 creatures vanquished.

Notes
Turn   | Place    | Note
-------+----------+-------------------------------------------
     0 | D:1      | HereIgoKillingAgain the Demonspawn Transmuter began the
                  | quest for the Orb.
     0 | D:1      | Reached XP level 1. HP: 15/15 MP: 3/3
   584 | D:1      | Gained mutation: When hurt, damage is shared between your
                  | health and your magic reserves. [demonic ancestry]
   584 | D:1      | Reached XP level 2. HP: 21/21 MP: 5/5
   604 | D:$      | Got out of the dungeon alive.

Vault maps used:
D:1:      scummos_arrival_simple_fountains

Skill      XL: |  1 |
---------------+----+-----
Transmutations | 2 |  2.3
Fighting       | |  1.0
Dodging        | |  1.7
Unarmed Combat | |  2.8
Spellcasting   | |  2.0

Action                   || total
-------------------------++-------
Melee: Unarmed           ||    28
       Kick              ||     4
 Cast: Beastly Appendage ||     1
Armor: Robe              ||     7
Dodge: Dodged            ||    14

Table legend:
 A = Non-vault XP
 B = Vault XP
 C = Vault XP percentage of total XP
 D = Non-vault monster count
 E = Vault monster count
 F = Vault count percentage of total count
                 A         B        C        D         E       F
            +---------+---------+-------+---------+---------+-------
      Total |      13 |       0 |   0.0 |      10 |       0 |   0.0
            +---------+---------+-------+---------+---------+-------
        D:1 |      13 |       0 |   0.0 |      10 |       0 |   0.0
            +---------+---------+-------+---------+---------+-------
